 Dungeon Crawl Stone Soup version 0.26.0-3-g156281e41b (webtiles) character file.

Game seed: 11304508182145567468

161 Gauvater the Chopper (level 5, 0/45 HPs)
             Began as a Ghoul Gladiator on Jan 9, 2021.
             Slain by a wight
             ... wielding a +0 great sword
              (8 damage)
             ... on level 2 of the Dungeon.
             The game lasted 00:05:09 (1159 turns).

Gauvater the Chopper (Ghoul Gladiator)              Turns: 1159, Time: 00:05:10

Health: 0/45       AC:  6    Str: 19    XL:     5   Next: 42%
Magic:  4/4        EV: 12    Int:  3    God:
Gold:   112        SH:  0    Dex: 10    Spells: 3/4 levels left

rFire    . . .     SeeInvis .   a - +0 war axe
rCold    + . .     Faith    .   (no shield)
rNeg     + + +     Spirit   .   i - +0 ring mail
rPois    ∞         Reflect  .   c - +0 helmet
rElec    .         Harm     .   (no cloak)
rCorr    .         Rampage  .   (no gloves)
Will     .....                  (no boots)
Stlth    ..........             (no amulet)
HPRegen  0.00/turn              n - ring of poison resistance
MPRegen  0.09/turn              (no ring)

@: no status effects
A: claws 1, cold resistance 1, negative energy resistance 3, inhibited
regeneration, torment resistance, unbreathing
a: no special abilities


You were on level 2 of the Dungeon.
You visited 1 branch of the dungeon, and saw 2 of its levels.

You collected 112 gold pieces.

Inventory:

Hand Weapons
 a - a +0 war axe (weapon)
 k - a +0 mace of holy wrath
Missiles
 d - 2 throwing nets (quivered)
Armour
 b - a +0 leather armour
 c - a +0 helmet (worn)
 i - a +0 ring mail (worn)
Jewellery
 n - a ring of poison resistance (left claw)
Scrolls
 e - a scroll of remove curse {unknown}
 f - a scroll of amnesia {unknown}
 h - 3 scrolls of identify {unknown}
 m - 2 scrolls of noise {unknown}
Potions
 g - a potion of berserk rage {unknown}
 j - 2 potions of curing {unknown}
 l - 2 potions of haste {unknown}


   Skills:
 + Level 3.0 Fighting
 + Level 4.2 Axes
 + Level 1.9 Throwing
 + Level 1.5 Armour
 + Level 3.3 Dodging


You had 3 spell levels left.
You knew the following spells:

 Your Spells              Type           Power        Failure   Level
a - Corona                Hex            0%           71%         1

Your spell library contained the following spells:

 Spells                   Type           Power        Failure   Level
 Ensorcelled Hibernation  Hex/Ice        0%           85%         2
 Confusing Touch          Hex            0%           97%         3
 Dazzling Flash           Conj/Hex       0%           97%         3
 Tukima's Dance           Hex            0%           97%         3


Dungeon Overview and Level Annotations

Branches:
Dungeon (2/15)

Altars:


Innate Abilities, Weirdness & Mutations

You thrive by killing the living.
You are immune to poison.
You have sharp fingernails.
Your flesh is cold resistant. (rC+)
You are immune to negative energy. (rN+++)
You do not regenerate when monsters are visible.
You are immune to unholy pain and torment.
You can survive without breathing.


Message History

The wight is heavily damaged.
The wight hits you but does no damage.
The frilled lizard hisses angrily.
You hit the wight.
The wight is almost destroyed.
The wight barely misses you.
You barely miss the wight.
The wight is almost destroyed.
The wight closely misses you.
You barely miss the wight.
The wight is almost destroyed.
The wight hits you with a +0 great sword!
* * * LOW HITPOINT WARNING * * *
You barely miss the wight.
The wight is almost destroyed.
The wight hits you but does no damage.
You closely miss the wight.
The wight is almost destroyed.
The wight hits you with a +0 great sword!
You die...

#####.##.#####.##
#.##### .##.#
##.## #.##<..
####.##.####...#
#.##...
.....##......#.#
#......
........####...#
####... #######.#
##### #... #.#
#### #.# #@# #z#


lSr ##[.# #..# #... #... #...# You could see a wight, an adder, a quokka and a
frilled lizard.

Vanquished Creatures
  2 wights (D:2)
  An orc wizard (D:2)
  3 dart slugs
  3 orcs (D:2)
  2 ball pythons (D:1)
  4 bats
  A giant cockroach (D:1)
  6 goblins
  7 hobgoblins
  5 kobolds
  2 frilled lizards
  5 rats
41 creatures vanquished.

Notes
Turn   | Place    | Note
-------+----------+-------------------------------------------
     0 | D:1      | Gauvater the Ghoul Gladiator began the quest for the Orb.
     0 | D:1      | Reached XP level 1. HP: 17/17 MP: 0/0
   104 | D:1      | Reached XP level 2. HP: 24/24 MP: 1/1
   143 | D:1      | Reached skill level 3 in Axes
   331 | D:1      | Reached XP level 3. HP: 29/30 MP: 2/2
   932 | D:2      | Learned a level 1 spell: Corona
   976 | D:2      | Reached skill level 1 in Armour
   976 | D:2      | Reached XP level 4. HP: 26/37 MP: 3/3
  1151 | D:2      | Reached skill level 4 in Axes
  1151 | D:2      | Reached XP level 5. HP: 24/44 MP: 4/4
  1159 | D:2      | Slain by a wight

Illustrated notes

Levels and vault maps discovered:
D:1:      dpeg_arrival_snail, layout_basic
D:2:      layout_loops_ring

Skill      XL: |  1  2  3  4  5 |
---------------+----------------+-----
Axes           | 3 4 |  4.2
Dodging        | 3 |  3.3
Armour         | 1 |  1.5
Fighting       | 3 |  3.0
Throwing       | |  1.9

Action                   |  1- 3 |  4- 6 || total
-------------------------+-------+-------++-------
Melee: War axe           |    94 |    22 ||   116
Throw: Throwing net      |       |     1 ||     1
Armor: Ring mail         |    54 |     5 ||    59
Dodge: Dodged            |    82 |     9 ||    91
